Map: Incorporeal LE

Players

ManlyManMeat - Winner!

  • Race: Protoss Protoss
  • League: Platinum
  • Spawn Location: 11:00

Uzurpator

  • Race: Protoss Protoss
  • League: Platinum
  • Spawn Location: 5:00

VOD

Have the link to the VOD?

Description

Time

  • Played on: June 19, 2025, 12:01 p.m.
  • Length: 9:33
Show
View Real Time Build Order
Export as new Build Order

ManlyManMeat Protoss - Winner!

Build Orders: 1 Gate Expand 

Get SALT Encoding   

  12  0:00  Probe  
  13  0:12  Probe  
  14  0:23  Pylon  
  14  0:26  Probe  
  15  0:37  Probe  
  16  0:45  Probe  
  16  0:46  Gateway  
  17  0:57  Probe  
  18  1:23  Nexus  
  18  1:28  Probe  
  19  1:34  Pylon  
  19  1:35  Zealot  
  21  1:53  Gateway  
  21  1:55  Gateway  
  21  2:10  Cybernetics Core, Gateway  
  21  2:20  Probe  
  22  2:25  Gateway  
  22  2:31  Gateway  
  22  2:36  Zealot  
  22  2:37  Probe, Zealot  
  23  2:50  Probe  
  28  2:51  Probe  
  28  2:58  Zealot  
  31  3:05  Zealot  
  33  3:07  Zealot  
  33  3:09  Probe  
  36  3:14  Zealot  
  36  3:19  Zealot  
  40  3:24  Pylon, Zealot  
  41  3:27  Probe  
  41  3:33  Zealot  
  43  3:36  Zealot  
  45  3:46  Pylon  
  47  3:53  Zealot  
  49  3:58  Zealot x3  
  55  4:11  Zealot  
  57  4:19  Zealot  
  59  4:31  Zealot  
  61  4:45  Zealot  
  61  4:48  Zealot  
  61  4:51  Probe, Zealot  
  61  4:52  Zealot  
  62  5:00  Zealot  
  62  5:01  Zealot  
  62  5:03  Zealot  
  56  5:15  Zealot  
  56  5:18  Zealot  
  56  5:21  Zealot  
  60  5:22  Pylon  
  60  5:23  Pylon  
  62  5:41  Pylon  
  56  5:56  Zealot x5  
  56  5:57  Zealot  
  66  6:02  Probe x2  
  64  6:10  Probe x2  
  68  6:23  Zealot x3  
  68  6:24  Zealot x2  
  78  6:30  Zealot  
  80  6:34  Pylon  
  78  6:50  Zealot  
  78  6:58  Zealot x4  
  78  6:59  Zealot  
  76  7:09  Assimilator  
  76  7:10  Probe x2, Assimilator  
  76  7:12  Assimilator  
  76  7:13  Assimilator  
  70  7:17  Zealot  
  70  7:22  Probe  
  67  7:25  Zealot  
  63  7:43  Zealot x2  
  63  7:44  Zealot x2  
  71  7:52  Robotics Facility  
  71  8:02  Zealot x2  
  75  8:10  Zealot x2  
  79  8:24  Zealot x2  
  83  8:29  Zealot  
  85  9:02  Nexus  
Show
View Real Time Build Order
Export as new Build Order

Uzurpator Protoss 

Build Orders: 1 Gate Expand 

Get SALT Encoding   

  1  0:00  Probe  
  12  0:06  Probe  
  14  0:21  Pylon  
  14  0:23  Probe  
  15  0:40  Gateway  
  15  0:42  Probe  
  16  0:54  Probe  
  17  1:11  Nexus  
  17  1:19  Zealot  
  17  1:26  Assimilator  
  19  1:36  Gateway  
  19  1:41  Probe  
  20  1:49  Zealot  
  20  1:54  Probe  
  23  1:57  Pylon  
  23  2:02  Assimilator  
  23  2:08  Zealot  
  23  2:15  Probe  
  26  2:24  Zealot  
  26  2:27  Probe  
  29  2:30  Cybernetics Core  
  29  2:39  Probe x2  
  31  2:51  Probe x2, Zealot  
  35  3:01  Pylon  
  35  3:04  Probe x2  
  37  3:08  Stalker  
  39  3:16  Pylon  
  39  3:20  Stalker  
  41  3:28  Warp Gate  
  41  3:33  Probe x2  
  43  3:46  Stalker  
  43  3:54  Probe  
  43  3:55  Gateway, Probe  
  45  4:06  Twilight Council  
  45  4:12  Shield Battery  
  34  4:47  Stalker x2  
  34  5:13  Charge  
  32  5:21  Zealot  
  34  5:26  Stalker x2  
  38  5:31  Dark Shrine  
  38  5:35  Probe  
  40  5:47  Probe  
  30  6:01  Probe  
  30  6:09  Probe  
  32  6:18  Probe  
  33  6:30  Probe  
  34  6:43  Probe  
  34  6:44  Dark Templar x3  
  12  7:30  Dark Templar, Probe  
  12  7:31  Zealot x2  
  19  7:38  Probe  
  20  7:47  Probe  
  21  8:00  Probe  
  22  8:12  Probe  
  16  8:24  Probe  
  13  8:36  Probe  
Tags
 
Add a new tag
Caveats
  • Supply blocks, unpowered buildings, or Contaminate may cause inaccurate times.
  • Supply counts are checked every 10 seconds.